 Dungeon Sprint DCSS version 0.27-a0-1431-gcffa5a9b16 (webtiles) character file.

Game seed: 6318764521683858971

59182 mhtbhm the Phalangite (level 14, -12/158 HPs)
             Began as a Minotaur Fighter on July 2, 2021.
             Was the Champion of Trog.
             Mangled by an orc knight (37 damage)
             ... in the Dungeon (Sprint VII: "The Pits").
             The game lasted 00:07:32 (3160 turns).

mhtbhm the Phalangite (Minotaur Fighter)            Turns: 3160, Time: 00:07:34

Health: -12/158    AC: 27    Str: 36    XL:     14   Next: 52%
Magic:  13/13      EV: 11    Int:  5    God:    Trog [******]
Gold:   30         SH: 17    Dex: 12    Spells: 13/13 levels left

rFire    + . .     SeeInvis .   a - +13 demon trident of Uczumec {flame, +Blink rF+}
rCold    . . .     Faith    .   c - +0 kite shield
rNeg     . . .     Spirit   .   b - +1 plate armour "Beaxuod" {Regen+ Str+9 Dex+3}
rPois    .         Reflect  .   r - +1 hat {Will+}
rElec    .         Harm     .   n - +0 cloak
rCorr    .         Rampage  .   (no gloves)
Will     ++...     NoTele   +   q - +0 pair of boots
Stlth    ..........             (no amulet)
HPRegen  1.36/turn              o - +3 ring of evasion
MPRegen  0.13/turn              p - +3 ring of protection

@: lethally poisoned (-12 -> -12), on berserk cooldown, very slightly
contaminated, slowed, constricted, invisible, very slow
A: horns 2, retaliatory headbutt
a: Renounce Religion, Evoke Blink, Berserk, Trog's Hand, Brothers in Arms


You were in the Dungeon.
You worshipped Trog.
Trog was exalted by your worship.
You visited 1 branch You collected 30 gold pieces.

Inventory:

Hand Weapons
 a - the +13 demon trident of Uczumec (weapon) {flame, +Blink rF+}
   (Trog gifted it to you in the Dungeon)

   It has been specially enchanted to burn those struck by it, causing extra
   injury to most foes and up to half again as much damage against particularly
   susceptible opponents.
   rF:        It protects you from fire.
   +Blink:    It lets you blink.
Armour
 b - the +1 plate armour "Beaxuod" (worn) {Regen+ Str+9 Dex+3}
   (You found it in the Dungeon)

   Str:       It affects your strength (+9).
   Dex:       It affects your dexterity (+3).
   Regen:     It increases your rate of health regeneration.
 c - a +0 kite shield (worn)
 n - a +0 cloak (worn)
 q - a +0 pair of boots (worn)
 r - a +1 hat of willpower (worn)
Jewellery
 o - a +3 ring of evasion (left hand)
 p - a +3 ring of protection (right hand)
 s - a ring of fire
Wands
 t - a wand of paralysis (5)
Scrolls
 j - 3 scrolls of blinking
 l - a scroll of summoning
 v - 5 scrolls of fear
 w - 2 scrolls of enchant armour
 x - 2 scrolls of enchant weapon
 y - 2 scrolls of identify
Potions
 d - 2 potions of might
 e - 13 potions of curing
 f - 13 potions of heal wounds
 g - 4 potions of haste
 h - 4 potions of magic
 i - 5 potions of berserk rage
 k - a potion of invisibility
 m - a potion of degeneration {unknown}
 u - 2 potions of lignification
 z - 2 potions of flight
Miscellaneous
 A - a phantom mirror
 B - a piece from Xom's chessboard (15/15)
 C - a piece from Xom's chessboard (15/15)


   Skills:
 + Level 23.9 Fighting
 + Level 14.8(21.1) Axes
 + Level 24.4(25.5) Polearms
 + Level 18.3 Armour
 + Level 6.4 Dodging
 - Level 4.3 Stealth
 + Level 19.1 Shields


You had 13 spell levels left.
You didn't know any spells.
Your spell library was empty.

Dungeon Overview and Level Annotations

Branches:
Dungeon (1/1)

Altars:
Ashenzari
Cheibriados
Dithmenos
Elyvilon
Fedhas
Gozag
Hepliaklqana
Kikubaaqudgha
Makhleb
Nemelex Xobeh
Okawaru
Qazlal
Ru
Sif Muna
Trog
Uskayaw
Vehumet
Wu Jian
Xom
Yredelemnul
Zin
The Shining One
Beogh
Jiyva
Lugonu


Innate Abilities, Weirdness & Mutations

You have a pair of horns on your head.
You reflexively headbutt those who attack you in melee.


Message History

You puncture the vault guard! You burn the vault guard.
You headbutt the vault guard!
The vault guard is heavily wounded.
You feel sick. You block the naga warrior's attack.
The naga warrior constricts you.
The vault guard hits you with a +2 great sword!
The yaktaur shoots a bolt.
The bolt hits the yaktaur!!
The vault guard hits you with a +0 great sword!
Your iron troll bites the vault guard!
Your iron troll barely misses the vault guard.
Your iron troll claws the vault guard!!
You block the naga warrior's attack.
Your iron troll bites the vault guard but does no damage.
Your iron troll closely misses the vault guard.
Your iron troll claws the vault guard!!
The orc knight hits you with a +3 war axe!!
Unknown command.
Unknown command.
Press: ? - help, v - describe, . - travel The floor.
Unknown command.
Deactivating autopickup; reactivate with Ctrl-A.
You puncture something! You burn something. Your headbutt misses something.
You feel sick.
The naga warrior hits you with a +0 war axe.
The naga warrior constricts you.
The yaktaur shoots a bolt.
The bolt closely misses the vault guard.
You block the bolt.
The yaktaur wields a +0 arbalest.
The yaktaur shoots a bolt.
You block the bolt. Something hits you! Something hits you but does no damage.
Something stings you but does no damage.
The vault guard hits your iron troll with a +2 great sword!!
The vault guard hits you but does no damage.
Your iron troll bites the vault guard!!
The vault guard dies!
Trog accepts your kill.
Your iron troll rages.
The naga warrior hits you from afar with a +0 vorpal halberd!!
* * * LOW HITPOINT WARNING * * *
x2 The orc knight hits you with a +3 war axe!!!
You die...

...).............................
...)))..............)............
..##############''##############.
..# #......# #. ..# ## #......#
#. ..# #... #..))..# . #. ..#
#...c###T)###... #. ..#
.....oc))T)..... #. ..#
#......p@oN..... #. ..#
#..####{.ND####. ..# # #.c..# ..#
##..## ### #### ##############
.##....#..#.=# ##.#.#.#..#..#
#......#..#.(#


You could see a bone dragon, 2 naga warriors, a vault guard, 2 orc knights, 3
yaktaurs and 2 friendly iron trolls.

Vanquished Creatures
  Dissolution (D)
  An ancient lich (D)
  A royal mummy (D)
  A hellephant (D)
  Gastronok (D)
  An azure jelly (D)
  A balrug (D)
  2 orc warlords (D)
  A draconian annihilator (D)
  An eidolon (D)
  A rakshasa (D)
  A hydra (D)
  Erolcha (D)
  A boulder beetle (D)
  A vault guard (D)
  A merfolk avatar (D)
  A catoblepas (D)
  A two-headed ogre (D)
  2 alligators (D)
  6 death yaks (D)
  2 sun demons (D)
  A shadow wraith (D)
  A sea snake (D)
  A flayed ghost (D)
  3 orc knights (D)
  A wolf spider (D)
  An ugly thing (D)
  2 manticores (D)
  A cyclops (D)
  An elephant (D)
  A merfolk siren (D)
  A guardian serpent (D)
  2 molten gargoyles (D)
  An eye of devastation (D)
  A large abomination (D)
  A gargoyle (D)
  3 komodo dragons (D)
  A yaktaur (D)
  2 efreet (D)
  A rime drake (D)
  A freezing wraith (D)
  2 wandering mushrooms (D)
  5 blink frogs (D)
  A shadow (D)
  3 redbacks (D)
  2 ynoxinuls (D)
  A wraith (D)
  2 tarantellas (D)
  3 wyverns (D)
  A golden eye (D)
  3 yaks (D)
  A spriggan (D)
  A fire elemental (D)
  A chaos spawn (D)
  A warg (D)
  Duvessa (D)
  4 orc warriors (D)
  A swamp drake (D)
  4 wolves (D)
  A centaur (D)
  2 bullfrogs (D)
  An earth elemental (D)
  A scorpion (D)
  Dowan (D)
  3 killer bees (D)
  A small abomination (D)
  3 wights (D)
  A crimson imp (D)
  A hound (D)
  Crazy Yiuf (D)
  An orc priest (D)
  An iron imp (D)
  An iguana (D)
  An orc wizard (D)
  A mummy (D)
  A gnoll (D)
  An adder (D)
  A river rat (D)
  2 white imps (D)
  4 orcs (D)
  A ball python (D)
  An endoplasm (D)
  A goblin (D)
  8 jackals (D)
  A kobold (D)
  A quokka (D)
  A ball python skeleton (D)
  A ball python zombie (D)
  A frilled lizard (D)
  2 jackal skeletons (D)
141 creatures vanquished.

Vanquished Creatures (collateral kills)
  A yaktaur captain (D)
  A vault guard (D)
  A hydra (D)
  A deep elf knight (D)
  7 orc knights (D)
  An earth elemental (D)
  A killer bee (D)
  An ufetubus (D)
14 creatures vanquished.

Vanquished Creatures (others)
  An orc knight (D)
  A shadow (D)
2 creatures vanquished.

Grand Total: 157 creatures vanquished

Notes
Turn   | Place    | Note
-------+----------+-------------------------------------------
     0 | D        | mhtbhm the Minotaur Fighter began the quest for the Orb.
     0 | D        | Reached XP level 1. HP: 19/19 MP: 0/0
    20 | D        | Found a bloodstained altar of Trog.
    20 | D        | Found a shimmering blue altar of Sif Muna.
    20 | D        | Found a viscous altar of Jiyva.
    20 | D        | Found a hazy altar of Hepliaklqana.
    20 | D        | Found an opulent altar of Gozag.
    21 | D        | Found a glowing golden altar of the Shining One.
    21 | D        | Found a glowing silver altar of Zin.
    21 | D        | Found a basalt altar of Yredelemnul.
    21 | D        | Found a shimmering altar of Xom.
    21 | D        | Found an ornate altar of the Wu Jian Council.
    21 | D        | Found a sacrificial altar of Ru.
    21 | D        | Found a stormy altar of Qazlal.
    21 | D        | Found an iron altar of Okawaru.
    21 | D        | Found a sparkling altar of Nemelex Xobeh.
    21 | D        | Found a burning altar of Makhleb.
    21 | D        | Found a blossoming altar of Fedhas.
    21 | D        | Found a white marble altar of Elyvilon.
    21 | D        | Found a shadowy altar of Dithmenos.
    21 | D        | Found a snail-covered altar of Cheibriados.
    23 | D        | Found a radiant altar of Vehumet.
    23 | D        | Found a corrupted altar of Lugonu.
    25 | D        | Became a worshipper of Trog the Wrathful
    70 | D        | Reached * piety under Trog
    71 | D        | Reached XP level 2. HP: 28/28 MP: 1/1
    79 | D        | Reached ** piety under Trog
    89 | D        | Reached skill level 5 in Fighting
    89 | D        | Reached skill level 5 in Armour
    89 | D        | Reached skill level 5 in Shields
    89 | D        | Reached XP level 3. HP: 14/36 MP: 2/2
   302 | D        | Noticed a warg
   306 | D        | Reached *** piety under Trog
   307 | D        | Reached XP level 4. HP: 44/44 MP: 3/3
   311 | D        | Reached **** piety under Trog
   313 | D        | Killed a warg
   314 | D        | Reached XP level 5. HP: 52/52 MP: 4/4
   316 | D        | Reached skill level 1 in Dodging
   318 | D        | Reached ***** piety under Trog
   319 | D        | Reached XP level 6. HP: 61/61 MP: 5/5
   363 | D        | Noticed Crazy Yiuf
   367 | D        | Killed Crazy Yiuf
   438 | D        | Noticed a redback
   446 | D        | Killed a redback
   447 | D        | Reached skill level 10 in Axes
   454 | D        | Reached XP level 7. HP: 68/69 MP: 6/6
   468 | D        | Identified the +13 demon trident of Uczumec {flame, +Blink
                  | rF+} (Trog gifted it to you in the Dungeon)
   468 | D        | Received a gift from Trog
   469 | D        | Reached skill level 10 in Armour
   503 | D        | Noticed a wolf spider
   503 | D        | Noticed a spriggan
   505 | D        | Killed a spriggan
   506 | D        | Reached skill level 10 in Shields
   508 | D        | Killed a wolf spider
   509 | D        | Reached skill level 10 in Fighting
   509 | D        | Reached skill level 2 in Polearms
   509 | D        | Reached XP level 8. HP: 79/79 MP: 7/7
   625 | D        | Found a hide-covered altar of Uskayaw.
   625 | D        | Found an ancient bone altar of Kikubaaqudgha.
   625 | D        | Found a broken altar of Ashenzari.
   651 | D        | Noticed an elephant
   657 | D        | Reached ****** piety under Trog
   659 | D        | Reached skill level 3 in Polearms
   662 | D        | Killed an elephant
   663 | D        | Reached skill level 4 in Polearms
   718 | D        | Noticed a flayed ghost
   718 | D        | Noticed a freezing wraith
   722 | D        | Killed a freezing wraith
   722 | D        | Received a gift from Trog
   723 | D        | Reached skill level 5 in Polearms
   723 | D        | Reached XP level 9. HP: 86/86 MP: 8/8
   726 | D        | Killed a flayed ghost
   727 | D        | Reached skill level 6 in Polearms
   727 | D        | Reached skill level 1 in Stealth
   856 | D        | Noticed a two-headed ogre
   858 | D        | Noticed an orc knight
   861 | D        | Killed a two-headed ogre
   862 | D        | Reached skill level 7 in Polearms
   864 | D        | Reached skill level 8 in Polearms
   872 | D        | Killed an orc knight
   873 | D        | Reached skill level 9 in Polearms
   982 | D        | Noticed a merfolk avatar
   984 | D        | Noticed a komodo dragon
   991 | D        | Killed a merfolk avatar
   991 | D        | Received a gift from Trog
   992 | D        | Reached skill level 10 in Polearms
   992 | D        | Reached XP level 10. HP: 86/99 MP: 9/9
   996 | D        | Reached skill level 11 in Polearms
   996 | D        | Reached skill level 5 in Dodging
  1050 | D        | Noticed a manticore
  1051 | D        | Noticed a boulder beetle
  1057 | D        | Killed a manticore
  1071 | D        | Killed a boulder beetle
  1072 | D        | Reached skill level 12 in Polearms
  1195 | D        | Noticed a manticore
  1201 | D        | Reached skill level 13 in Polearms
  1202 | D        | Killed a manticore
  1266 | D        | Received a gift from Trog
  1268 | D        | Noticed Gastronok
  1268 | D        | Noticed a merfolk siren
  1271 | D        | Killed a merfolk siren
  1279 | D        | Killed Gastronok
  1280 | D        | Reached skill level 15 in Polearms
  1280 | D        | Reached XP level 11. HP: 105/108 MP: 10/10
  1429 | D        | Received a gift from Trog
  1538 | D        | Reached skill level 16 in Polearms
  1552 | D        | Noticed an orc knight
  1561 | D        | Received a gift from Trog
  1579 | D        | Killed an orc knight
  1765 | D        | Noticed a catoblepas
  1765 | D        | Noticed a sun demon
  1769 | D        | Killed a catoblepas
  1770 | D        | Reached skill level 17 in Polearms
  1780 | D        | Killed a sun demon
  1889 | D        | Noticed Duvessa
  1889 | D        | Noticed Dowan
  1889 | D        | Noticed Erolcha
  1894 | D        | Received a gift from Trog
  1895 | D        | Killed Dowan
  1898 | D        | Killed Duvessa
  1902 | D        | Reached skill level 15 in Fighting
  1906 | D        | Received a gift from Trog
  1910 | D        | Reached skill level 18 in Polearms
  1921 | D        | Killed Erolcha
  1984 | D        | Found the +2 robe of Vines {NoPotionHeal Regen+++}
  2223 | D        | Noticed a death yak
  2223 | D        | Noticed a death yak
  2223 | D        | Noticed a death yak
  2223 | D        | Noticed a death yak
  2223 | D        | Noticed a death yak
  2223 | D        | Noticed a death yak
  2223 | D        | Noticed a red ugly thing
  2227 | D        | Killed a death yak
  2227 | D        | Received a gift from Trog
  2230 | D        | Killed a death yak
  2231 | D        | Reached XP level 12. HP: 122/122 MP: 11/11
  2232 | D        | Killed a death yak
  2236 | D        | Killed a death yak
  2237 | D        | Reached skill level 15 in Armour
  2238 | D        | Reached skill level 19 in Polearms
  2242 | D        | Killed a death yak
  2245 | D        | Killed a death yak
  2324 | D        | Noticed a hellephant
  2328 | D        | Received a gift from Trog
  2332 | D        | Noticed a rakshasa
  2332 | D        | Noticed a balrug
  2337 | D        | Killed a rakshasa
  2341 | D        | Killed a balrug
  2342 | D        | Reached skill level 15 in Shields
  2351 | D        | Killed a hellephant
  2352 | D        | Reached skill level 20 in Polearms
  2354 | D        | Received a gift from Trog
  2364 | D        | Noticed an eidolon
  2371 | D        | Received a gift from Trog
  2381 | D        | Killed an eidolon
  2385 | D        | Noticed an alligator
  2385 | D        | Noticed a four-headed hydra
  2389 | D        | Killed an alligator
  2390 | D        | Reached XP level 13. HP: 125/137 MP: 12/12
  2390 | D        | Identified the +8 war axe of the Desert {vorpal, Drain
                  | *Slow +Blink rCorr} (Trog gifted it to you in the Dungeon)
  2390 | D        | Received a gift from Trog
  2423 | D        | Identified the +1 long sword of Innocence {flame, rN+}
                  | (Trog gifted it to you in the Dungeon)
  2423 | D        | Received a gift from Trog
  2424 | D        | Reached skill level 21 in Polearms
  2647 | D        | Got the +1 plate armour "Beaxuod" {Regen+ Str+9 Dex+3}
  2752 | D        | Noticed a royal mummy
  2758 | D        | Killed a royal mummy
  2811 | D        | Received a gift from Trog
  2814 | D        | Noticed an ancient lich
  2825 | D        | Killed an ancient lich
  2826 | D        | Reached skill level 22 in Polearms
  2972 | D        | Noticed a green draconian annihilator
  2975 | D        | Killed a green draconian annihilator
  3031 | D        | Noticed an azure jelly
  3035 | D        | Killed an azure jelly
  3038 | D        | Noticed Dissolution
  3045 | D        | Killed Dissolution
  3045 | D        | Received a gift from Trog
  3046 | D        | Reached skill level 23 in Polearms
  3046 | D        | Reached XP level 14. HP: 157/157 MP: 13/13
  3128 | D        | Noticed an orc warlord
  3129 | D        | Noticed an orc warlord
  3140 | D        | Killed an orc warlord
  3141 | D        | Reached skill level 24 in Polearms
  3143 | D        | Killed an orc warlord
  3143 | D        | Received a gift from Trog
  3153 | D        | Received a gift from Trog
  3154 | D        | Noticed a bone dragon
  3158 | D        | Received a gift from Trog
  3160 | D        | Mangled by an orc knight

Illustrated notes

Levels and vault maps discovered:
D:        pitsprint [storerooms_1, entrance_room_1, metal_vault_1, armoury_1,
          mini_pit_1, grid_room_1, main_hall_1, silver_pit, the_coven_1,
          the_vestibule_1, steel_vault_2, golden_pit, hallway_of_sentries,
          crystal_vault_1, iron_vault_2, final_vault]

Skill      XL: |  1  2  3  4  5  6  7  8  9 10 11 12 13 14 |
---------------+-------------------------------------------+-----
Fighting       | 4 5 6 7 8 10 12 13 16 19 23 | 23.9
Armour         | 4 5 6 8 9 11 12 13 14 16 17 18 | 18.3
Shields        | 4 5 6 7 8 9 10 11 12 13 14 15 18 19 | 19.1
Axes           | 4 7 8 10 12 13 14 | 14.8
Dodging        | 1 3 4 5 6 |  6.4
Polearms       | 2 5 10 15 18 20 23 24 | 24.4
Stealth        | 1 2 3 4 |  4.3

Action                   |  1- 3 |  4- 6 |  7- 9 | 10-12 | 13-15 || total
-------------------------+-------+-------+-------+-------+-------++-------
Melee: War axe           |     5 |       |       |       |       ||     5
       Hand axe          |    19 |    28 |    15 |       |       ||    62
       Headbutt          |     2 |     4 |     6 |    39 |    23 ||    74
       Demon trident     |       |       |    45 |   205 |    73 ||   323
Invok: Berserk           |     1 |       |     4 |     6 |     5 ||    16
       Brothers in Arms  |       |       |     1 |     1 |     4 ||     6
  Use: Potion            |       |       |       |       |     4 ||     4
 Stab: Distracted        |       |       |       |     1 |       ||     1
       Invisible         |       |       |       |       |     5 ||     5
Armor: Scale mail        |     6 |       |       |       |       ||     6
       Ring mail         |       |     8 |     3 |       |       ||    11
       Chain mail        |       |       |    10 |    15 |       ||    25
       Plate armour      |       |       |       |    14 |    24 ||    38
Dodge: Dodged            |    12 |     7 |    19 |    24 |    23 ||    85
Block: Kite shield       |    16 |    12 |    24 |    41 |    46 ||   139

Table legend: (Time is in decaauts)
 A = Elapsed time spent in this place.
 B = Non-inter-level travel time spent in this place.
 C = Inter-level travel time spent in this place.
 D = Time resting spent in this place.
 E = Time spent auto-exploring this place.
 F = Levels seen in this place.
 G = Mean time per level.
                   A        B        C        D        E       F      G
               +--------+--------+--------+--------+--------+-----+--------+
         Total |   3181 |   3181 |      0 |   1620 |    355 |   1 | 3181.0 |
       Dungeon |   3181 |   3181 |      0 |   1620 |    355 |   1 | 3181.0 |
               +--------+--------+--------+--------+--------+-----+--------+

Top non-repeatable levels by time:
       D: 3181 daAuts
